 Dungeon Crawl Stone Soup version 0.28.0-53-g5a82cb258f (webtiles) character file.

Game seed: 13156779415066131417

2151 Zeld the Thaumaturge (level 9, -7/45 HPs)
             Began as a Deep Elf Fire Elementalist on May 22, 2022.
             Mangled by an orc warrior
             ... wielding a +0 war axe
              (9 damage)
             ... on level 6 of the Dungeon.
             The game lasted 00:07:03 (9256 turns).

Zeld the Thaumaturge (Deep Elf Fire Elementalist)   Turns: 9256, Time: 00:07:04

Health: -7/45      AC:  6    Str:  5    XL:     9   Next: 10%
Magic:  10/24      EV: 15    Int: 25    God:
Gold:   337        SH:  0    Dex: 15    Spells: 20/26 levels left

rFire   . . .      SeeInvis .   a - +3 falchion (vamp)
rCold   . . .      Faith    .   (no shield)
rNeg    . . .      Spirit   .   n - +0 robe
rPois   .          Reflect  .   o - +2 helmet
rElec   .          Harm     .   (no cloak)
rCorr   .          Rampage  .   h - +0 pair of gloves
Will    .....                   (no boots)
Stlth   ++........              u - amulet of regeneration
HPRegen 0.95/turn               (no ring)
MPRegen 0.19/turn               (no ring)

@: no status effects
A: no striking features
a: no special abilities


You were on level 6 of the Dungeon.
You visited 2 branches of the dungeon, and saw 7 of its levels.
You also visited: Sewer.

You collected 337 gold pieces.

Inventory:

Hand Weapons
 a - a +3 vampiric falchion (weapon)
Armour
 h - a +0 pair of gloves (worn)
 n - a +0 robe (worn)
 o - a +2 helmet (worn)
Jewellery
 t - a ring of protection from cold
 u - an amulet of regeneration (around neck)
Wands
 v - a wand of mindburst (19)
 x - a wand of charming (9)
Scrolls
 c - 3 scrolls of blinking {unknown}
 e - a scroll of amnesia {unknown}
 g - 6 scrolls of identify {unknown}
 i - a scroll of immolation {unknown}
 j - 6 scrolls of fear {unknown}
 k - a scroll of teleportation {unknown}
 q - a scroll of enchant weapon {unknown}
 r - a scroll of enchant armour {unknown}
 s - 2 scrolls of magic mapping {unknown}
Potions
 b - a potion of haste {unknown}
 d - 2 potions of brilliance {unknown}
 f - a potion of attraction {unknown}
 l - a potion of heal wounds {unknown}
 m - 2 potions of curing {unknown}
 p - 6 potions of flight
 w - a potion of ambrosia {unknown}
 z - 2 potions of berserk rage {unknown}
 A - a potion of resistance {unknown}


   Skills:
 + Level 6.1 Dodging
 - Level 2.4 Stealth
 * Level 9.4 Spellcasting
 + Level 5.4 Conjurations
 - Level 2.0 Hexes
 * Level 8.2 Fire Magic


You had 20 spell levels left.
You knew the following spells:

 Your Spells              Type           Power      Damage    Failure   Level
a - Foxfire               Conj/Fire      100%       2x1d9     1%          1
b - Scorch                Fire           100%       2d10      1%          2
c - Inner Flame           Hex/Fire       37%        N/A       1%          3

Your spell library contained the following spells:

 Spells                   Type           Power      Damage    Failure   Level
 Conjure Flame            Conj/Fire      46%        6-21      1%          3
 Slow                     Hex            84%        N/A       2%          1
 Flame Wave               Conj/Fire      46%        2d10      3%          4
 Confusing Touch          Hex            21%        N/A       7%          3
 Portal Projectile        Hex/Tloc       32%        N/A       11%         3
 Vampiric Draining        Necr           11%        2d6       16%         3
 Blade Hands              Tmut           5%         N/A       82%         5
 Excruciating Wounds      Necr           5%         N/A       82%         5


Dungeon Overview and Level Annotations

Branches:
Dungeon (6/15)             Temple (1/1) D:4           Sewer (visited)

Altars:
Ashenzari
Cheibriados
Elyvilon
Fedhas
Gozag
Hepliaklqana
Nemelex Xobeh
Okawaru
Qazlal
Ru
Sif Muna
Trog
Uskayaw
Wu Jian
Xom
Yredelemnul
The Shining One


Message History

The orc warrior hits you with a +0 war axe!
You climb downwards.
There is a stone staircase leading up here.
Casting: Scorch (safe; 1% risk of failure)
Confirm with . or Enter, or press ? or * to list all spells.
Flames lash the orc warrior but do no damage.
The orc warrior misses you.
Unknown command.
Casting: Scorch (safe; 1% risk of failure)
Confirm with . or Enter, or press ? or * to list all spells.
Flames lash the orc warrior.
The orc warrior is burned terribly!
The orc warrior is moderately wounded.
The orc warrior hits you with a +0 war axe.
Unknown command.
Casting: Scorch (safe; 1% risk of failure)
Confirm with . or Enter, or press ? or * to list all spells.
Flames lash the orc warrior.
The orc warrior is lightly wounded.
The orc warrior's fire resistance burns away.
The orc warrior hits you with a +0 war axe.
Unknown command.
Casting: Scorch (safe; 1% risk of failure)
Confirm with . or Enter, or press ? or * to list all spells.
Flames lash the orc warrior but do no damage.
The orc warrior hits you with a +0 war axe!
* * * LOW HITPOINT WARNING * * *
Unknown command.
Casting: Scorch (safe; 1% risk of failure)
Confirm with . or Enter, or press ? or * to list all spells.
Flames lash the orc warrior.
The orc warrior is burned terribly!
The orc warrior is severely wounded.
The orc warrior hits you with a +0 war axe!
* * * LOW HITPOINT WARNING * * *
Unknown command.
Casting: Scorch (safe; 1% risk of failure)
Confirm with . or Enter, or press ? or * to list all spells.
Flames lash the orc warrior.
The orc warrior is heavily wounded.
The orc warrior hits you with a +0 war axe!
You die...

#.#.#..#.#...#
#.#.#..#.#...#
#.#.#..#.#[..#
#.#.#..#.#...#
#[#...)..#...#
###)########...#
#........).#...#
##########)#...#
#@# #.#...# #o#
#.#...# #o#
#รท#...#### #.#
#.#.......
##.#######.#..#####
#.............# #..
##########.#.## #..
#.#.# #.. #.#.# #..


You could see 2 orc warriors.

Vanquished Creatures
  Eustachio (D:6)
  2 ice beasts (D:5)
  A black bear (D:6)
  A necrophage (D:4)
  2 centaurs (D:6)
  5 ogres
  4 scorpions
  2 water moccasin zombies (D:6)
  A wyvern skeleton (D:6)
  2 water moccasin skeletons (D:5)
  A jelly (D:6)
  A hound (D:5)
  A scorpion zombie (D:3)
  2 iguanas
  2 orc wizards
  2 hound skeletons (D:5)
  Robin (D:3)
  17 adders
  A howler monkey skeleton (D:6)
  5 river rats (Sewer)
  3 worms
  2 dart slugs
  6 orcs
  12 bats
  11 endoplasms
  2 giant cockroaches
  7 goblins (D:3)
  10 hobgoblins
  10 jackals
  5 quokkas
  9 ball pythons
  6 frilled lizards
  8 kobolds
  7 rats
152 creatures vanquished.

Vanquished Creatures (others)
  61 foxfires
61 creatures vanquished.

Grand Total: 213 creatures vanquished

Notes
Turn   | Place    | Note
-------+----------+-------------------------------------------
     0 | D:1      | Zeld the Deep Elf Fire Elementalist began the quest for the
                  | Orb.
     0 | D:1      | Reached XP level 1. HP: 10/10 MP: 6/6
   841 | D:1      | Reached XP level 2. HP: 15/15 MP: 4/8
   906 | D:1      | Learned a level 2 spell: Scorch
  1967 | D:2      | Reached XP level 3. HP: 9/19 MP: 2/10
  1971 | D:2      | Learned a level 3 spell: Inner Flame
  2492 | D:2      | Reached skill level 4 in Spellcasting
  2849 | D:2      | Reached XP level 4. HP: 24/24 MP: 7/12
  3395 | D:3      | Reached skill level 1 in Hexes
  3572 | D:3      | Noticed Robin
  3592 | D:3      | Killed Robin
  3618 | D:3      | Reached XP level 5. HP: 24/28 MP: 2/13
  3943 | D:3      | You fall into a shaft and drop 3 floors!
  3958 | D:5      | Entered Level 5 of the Dungeon
  4028 | D:5      | Reached skill level 5 in Spellcasting
  4074 | D:5      | Noticed an ogre
  4079 | D:5      | Killed an ogre
  4080 | D:5      | Reached skill level 5 in Fire Magic
  4080 | D:5      | Reached XP level 6. HP: 32/32 MP: 7/15
  4135 | D:5      | Noticed an ice beast
  4139 | D:5      | Killed an ice beast
  4448 | D:5      | Found a glowing drain.
  4452 | Sewer    | Entered a sewer
  4819 | Sewer    | Reached skill level 6 in Spellcasting
  5031 | Sewer    | Reached XP level 7. HP: 36/36 MP: 9/18
  6287 | D:4      | Reached skill level 7 in Spellcasting
  6715 | D:3      | Found a shimmering altar of Xom.
  6826 | D:4      | Found an ornate altar of the Wu Jian Council.
  7025 | D:4      | Found a staircase to the Ecumenical Temple.
  7037 | Temple   | Entered the Ecumenical Temple
  7423 | D:4      | Reached XP level 8. HP: 36/41 MP: 13/21
  7651 | D:5      | Reached skill level 5 in Dodging
  8170 | D:6      | Reached skill level 8 in Spellcasting
  8829 | D:6      | Noticed Eustachio
  8841 | D:6      | Killed Eustachio
  8842 | D:6      | Reached skill level 9 in Spellcasting
  8842 | D:6      | Reached skill level 5 in Conjurations
  8951 | D:6      | Reached XP level 9. HP: 26/45 MP: 11/24
  9246 | D:5      | Noticed a rust devil
  9246 | D:5      | Noticed a rust devil
  9255 | D:6      | HP: 1/45 [orc warrior/+0 war axe (8)]
  9256 | D:6      | Mangled by an orc warrior

Illustrated notes

Levels and vault maps discovered:
D:1:      dpeg_arrival_long_road, layout_loops_corners,
          minmay_misc_feat_columns, minmay_misc_feat_pillars
D:2:      minmay_inner_zag, layout_basic
D:3:      layout_loops_ring, mainiacjoe_overflow_six_doors_small, uniq_robin
D:4:      layout_loops_ring, lemuel_tele_altar, minmay_temple_entry_poolview,
          nicolae_figureground_pulse
D:5:      cheibrodos_iron_armory, layout_loops_ring, gup_sewer_entry_spiral
D:6:      layout_basic, uniq_eustachio
Temple:   bh_familiar_temple

Skill      XL: |  1  2  3  4  5  6  7  8 |
---------------+-------------------------+-----
Dodging        | 3 4 6 |  6.1
Spellcasting   | 4 5 6 7 9 |  9.4
Fire Magic     | 4 5 6 8 |  8.2
Conjurations   | 2 3 4 5 |  5.4
Hexes          | 1 2 |  2.0
Stealth        | |  2.4

Action                   |  1- 3 |  4- 6 |  7- 9 || total
-------------------------+-------+-------+-------++-------
Melee: Unarmed           |    15 |       |       ||    15
       Punch             |     1 |       |     1 ||     2
       Short sword       |       |    21 |    22 ||    43
       Falchion          |       |       |     1 ||     1
 Cast: Foxfire           |    39 |       |       ||    39
       Scorch            |    34 |    78 |   123 ||   235
 Stab: Sleeping          |     3 |       |       ||     3
Armor: Robe              |    11 |    19 |    21 ||    51
Dodge: Dodged            |    28 |    39 |    55 ||   122
